 Dungeon Crawl Stone Soup version 0.19.5 (webtiles) character file.

176 kuus the Cudgeler (level 5, 0/32 HPs)
             Began as a Gargoyle Fighter on Mar 10, 2017.
             Slain by a black bear (1 damage)
             ... on level 3 of the Dungeon.
             The game lasted 00:11:45 (2195 turns).

kuus the Cudgeler (Gargoyle Fighter)                Turns: 2195, Time: 00:11:46

Health: 0/32       AC: 15    Str: 20    XL:     5   Next: 56%
Magic:  5/5        EV:  5    Int:  8    God:
Gold:   170        SH:  9    Dex: 10    Spells: 0 memorised, 4 levels left

rFire  . . .     SeeInvis .     a - +0 flail
rCold  . . .     Gourm    .     g - +0 chain mail
rNeg   + . .     Faith    .     c - +0 shield
rPois  ∞         Spirit   .     s - +1 helmet
rElec  +         Reflect  .     (no cloak)
rCorr  .         Harm     .     (no gloves)
MR     .....                    (no boots)
Stlth  ..........               (no amulet)
                                (no ring)
                                (no ring)

@: no status effects
A: negative energy resistance 1, electricity resistance, unbreathing,
petrification resistance, rot immunity, AC +4
a: no special abilities


You were on level 3 of the Dungeon.
You were not hungry.

You visited 1 branch of the dungeon, and saw 3 of its levels.

You collected 170 gold pieces.

Inventory:

Hand Weapons
 a - a +0 flail (weapon)
 n - a +0 short sword of venom
Armour
 b - a +0 scale mail
 c - a +0 shield (worn)
 g - a +0 chain mail (worn)
 s - a +1 helmet (worn)
Jewellery
 h - a cursed amulet of inaccuracy {unknown}
Scrolls
 e - 4 scrolls of identify {unknown}
 j - a scroll of amnesia {unknown}
 m - a scroll of fog {unknown}
Potions
 d - 2 potions of might
 k - 2 potions of agility {unknown}
 l - a potion of ambrosia {unknown}
 o - a potion of flight {unknown}
 r - a potion of lignification {unknown}
 t - a potion of cancellation {unknown}
Books
 p - a book of Minor Magic

   Spells                             Type                      Level
   a - Magic Dart                     Conjuration                  1
   b - Blink                          Translocation                2
   c - Call Imp                       Summoning                    2
   d - Repel Missiles                 Charms/Air                   2
   e - Slow                           Hexes                        2
   f - Conjure Flame                  Conjuration/Fire             3
   g - Mephitic Cloud                 Conjuration/Poison/Air       3
Comestibles
 f - 2 bread rations
 i - a meat ration
 q - 2 chunks of flesh


   Skills:
 - Level 3.2 Fighting
 * Level 5.2 Maces & Flails
 + Level 3.9 Armour
 - Level 0.1 Dodging
 - Level 3.2 Shields


You had 4 spell levels left.
You didn't know any spells.

Dungeon Overview and Level Annotations

Branches:
Dungeon (3/15)

Altars:
Uskayaw


Innate Abilities, Weirdness & Mutations

You are resistant to torment.
Your stone body is resilient. (AC +4)
You are immune to poison.
You resist negative energy. (rN+)
You are resistant to electric shocks. (rElec)
You can survive without breathing.
You are immune to petrification.
You are immune to rotting.


Message History

The black bear closely misses you.
You thump the black bear!
The black bear is severely wounded.
The black bear goes berserk!
The black bear bites you!
The black bear claws you but does no damage.
You block the black bear's attack.
Your chain mail prevents you from hitting the black bear.
The black bear is severely wounded.
The black bear bites you!
* * * LOW HITPOINT WARNING * * *
The black bear claws you.
* * * LOW HITPOINT WARNING * * *
You block the black bear's attack. x2
The black bear claws you but does no damage. x2
The black bear bites you but does no damage.
The black bear barely misses you.
The black bear claws you but does no damage.
Okay, then.
The black bear bites you.
You die...

#............ .#
#.###.####### ..
.#######.# #..# # #.
.........# ##.## #
#.########..# #..#####
#.#......#..# ##......
#.#.........# #..####
#.#####.##.## ##.####
#..g.h@.##.# #....#
##########.########.#.#
#...........[#
##########..## ##.##
###.... .........
........# ........(#


You could see a black bear (berserk) and a goblin.

Vanquished Creatures
  An orc wizard (D:2)
  5 adders
  3 worms
  3 dart slugs
  3 leopard geckos
  4 orcs
  2 ball pythons
  7 giant cockroaches
  7 goblins
  11 hobgoblins
  4 jackals (D:1)
  3 quokkas (D:2)
  8 bats
  3 frilled lizards
  6 kobolds (D:2)
  8 rats
78 creatures vanquished.

Notes
Turn   | Place    | Note
-------+----------+-------------------------------------------
     0 | D:1      | kuus the Gargoyle Fighter began the quest for the Orb.
     0 | D:1      | Reached XP level 1. HP: 14/14 MP: 1/1
   189 | D:1      | Reached XP level 2. HP: 16/19 MP: 2/2
   486 | D:1      | Reached XP level 3. HP: 23/23 MP: 3/3
   695 | D:2      | Reached skill level 3 in Maces & Flails
   921 | D:2      | You fall through a shaft!
   953 | D:3      | Reached XP level 4. HP: 27/28 MP: 4/4
  1065 | D:2      | Reached skill level 4 in Maces & Flails
  1647 | D:3      | Reached XP level 5. HP: 31/32 MP: 5/5
  1741 | D:3      | Noticed a dagger
  1743 | D:3      | Noticed a dagger
  1772 | D:3      | Found a hide-covered altar of Uskayaw.
  1854 | D:2      | Reached skill level 5 in Maces & Flails
  2177 | D:3      | Noticed a black bear
  2191 | D:3      | HP: 1/32 [black bear (4)]
  2195 | D:3      | Slain by a black bear

Skill      XL: |  1  2  3  4  5 |
---------------+----------------+-----
Maces & Flails | 3 4 5 |  5.2
Fighting       | |  3.2
Armour         | |  3.9
Dodging        | |  0.1
Shields        | |  3.2

Action                   |  1- 3 |  4- 6 || total
-------------------------+-------+-------++-------
Melee: Flail             |   144 |   170 ||   314
  Eat: Chunk             |     1 |     4 ||     5
Armor: Scale mail        |    11 |       ||    11
       Chain mail        |    88 |   143 ||   231
Dodge: Dodged            |    43 |    47 ||    90
Block: Shield            |    89 |   101 ||   190
